 Dungeon Crawl Stone Soup version 0.29.0-13-gc9e81de378 (webtiles) character file.

Game seed: 6789508106902841126

65 inmateoo the Ducker (level 4, -4/31 HPs)
             Began as an Octopode Fighter on Sept 10, 2022.
             Slain by Grinder (6 damage)
             ... on level 3 of the Dungeon.
             The game lasted 00:01:23 (2189 turns).

inmateoo the Ducker (Octopode Fighter)              Turns: 2189, Time: 00:01:24

Health: -4/31      AC:  1    Str: 15    XL:     4   Next: 14%
Magic:  4/4        EV: 13    Int: 12    God:
Gold:   100        SH:  4    Dex: 11    Spells: 3/3 levels left

rFire   . . .      SeeInvis .     - Unarmed
rCold   . . .      Faith    .   a - +0 buckler
rNeg    . . .      Spirit   .   (helmet restricted)
rPois   .          Reflect  .   (no amulet)
rElec   .          Harm     .   (no ring)
rCorr   .          Rampage  .   (no ring)
Will    .....                   (no ring)
Stlth   +++.......              (no ring)
HPRegen 0.10/turn               (no ring)
MPRegen 0.09/turn               (no ring)
                                (no ring)
                                (no ring)

@: no status effects
A: almost no armour, amphibious, 8 rings, camouflage 1, gelatinous body 1,
(nimble swimmer 1), tentacles
a: no special abilities


You were on level 3 of the Dungeon.
You visited 1 branch of the dungeon, and saw 3 of its levels.

You collected 100 gold pieces.

Inventory:

Armour
 a - a +0 buckler (worn)
Jewellery
 m - a ring of flight
Wands
 n - a wand of iceblast (11)
Potions
 b - a potion of might
 c - a potion of berserk rage
 e - a potion of heal wounds
 f - a potion of magic
 h - a potion of flight


   Skills:
 + Level 3.4 Fighting
 + Level 3.4 Dodging
 + Level 2.2 Stealth
 + Level 3.4 Shields
 + Level 2.5 Unarmed Combat


You had 3 spell levels left.
You didn't know any spells.
Your spell library was empty.

Dungeon Overview and Level Annotations

Branches:
Dungeon (3/15)

Altars:
Nemelex Xobeh
Wu Jian

Annotations:
D:3 Grinder


Innate Abilities, Weirdness & Mutations

You cannot wear most types of armour.
You are amphibious.
You can wear up to eight rings at the same time.
Your skin changes colour to match your surroundings (Stealth+).
Your rubbery body absorbs attacks. (AC +1, EV +1)
((You are camouflaged when in or above water. (Stealth+)))
You have tentacles for arms and can constrict up to eight enemies at once.


Message History

You kill the adder!
You feel sick.
You have reached level 4!
You feel sick.
There is a stone staircase leading up here.
You start resting.
You feel sick. x2
You are no longer poisoned.
You start resting.
HP restored.
You see here an adder corpse.
Found a sparkling altar of Nemelex Xobeh.
Found a stone staircase leading down.
Grinder comes into view.
The helpless Grinder fails to defend herself.
You tentacle-slap Grinder. Your grab misses Grinder.
Grinder is lightly wounded.
Grinder blinks!
Grinder gestures at you. Pain shoots through your body!
Aiming: Iceblast
Press: ? - help, Shift-Dir - straight line, f - Grinder
Aim: Grinder (lightly wounded)
The mass of ice explodes!
The iceblast engulfs Grinder.
Grinder partially resists.
Grinder is moderately wounded.
You closely miss Grinder. You grab Grinder. You tentacle-slap Grinder.
Grinder is moderately wounded.
You constrict Grinder. Grinder gestures at you. Pain shoots through your body!
* * * LOW HITPOINT WARNING * * *
You completely miss Grinder.
Grinder is moderately wounded.
You constrict Grinder. Grinder misses you.
You tentacle-slap Grinder but do no damage.
Grinder is moderately wounded.
You constrict Grinder. Grinder hits you!
* * * LOW HITPOINT WARNING * * *
You writhe in agony.
You die...

#######
..##.. #5##.#
#@##.# #.##.#
#....# #.##.#
#.##.# #
#.##.#####.##
#.##.........
#.###.≈.##>##
#............


You could see Grinder.

Vanquished Creatures
  A gnoll (D:1)
  3 adders
  3 dart slugs
  A bat (D:1)
  An endoplasm (D:1)
  3 goblins
  2 hobgoblins (D:1)
  A quokka (D:2)
  4 ball pythons (D:1)
  3 frilled lizards
  A kobold (D:1)
  2 rats (D:1)
25 creatures vanquished.

Notes
Turn   | Place    | Note
-------+----------+-------------------------------------------
     0 | D:1      | inmateoo the Octopode Fighter began the quest for the Orb.
     0 | D:1      | Reached XP level 1. HP: 16/16 MP: 1/1
   261 | D:1      | Reached skill level 1 in Stealth
   261 | D:1      | Reached XP level 2. HP: 21/21 MP: 2/2
   298 | D:1      | Found a faded altar of an unknown god.
   712 | D:1      | Reached XP level 3. HP: 23/26 MP: 3/3
  1504 | D:2      | Found an ornate altar of the Wu Jian Council.
  2066 | D:3      | Reached XP level 4. HP: 24/31 MP: 4/4
  2170 | D:3      | Found a sparkling altar of Nemelex Xobeh.
  2182 | D:3      | Noticed Grinder
  2189 | D:3      | Slain by Grinder

Illustrated notes

Levels and vault maps discovered:
D:1:      dpeg_arrival_arbitrary_a, layout_loops_ring,
          chequers_ecumenical_altar_simple, chequers_serial_rivers_small_b
D:2:      layout_loops_ring, basic_altar
D:3:      layout_loops_ring, mainiacjoe_overflow_tiny_flanked, st_stairs_12,
          uniq_grinder

Skill      XL: |  1  2  3 |
---------------+----------+-----
Stealth        | 1 2 |  2.2
Fighting       | |  3.4
Dodging        | |  3.4
Shields        | |  3.4
Unarmed Combat | |  2.5

Action                   |  1- 3 |  4- 6 || total
-------------------------+-------+-------++-------
Melee: Unarmed           |    61 |     4 ||    65
       Constrict         |    15 |     1 ||    16
       Tentacles         |    11 |       ||    11
       Punch             |     1 |     1 ||     2
Evoke: Wand              |       |     1 ||     1
  Use: Scroll            |     9 |       ||     9
 Stab: Sleeping          |     7 |     1 ||     8
Armor: Skin              |     7 |       ||     7
Dodge: Dodged            |    30 |     1 ||    31
Block: Buckler           |    13 |       ||    13
